Map: Moondance

Players

Cognite

  • Race: Protoss Protoss
  • Spawn Location: 12:00

Ryung - Winner!

  • Race: Terran Terran
  • Spawn Location: 6:00

Event: DreamHack SC2 Masters 2022 Atlanta (Offline)

VOD

Have the link to the VOD?

Description

Time

  • Played on: Nov. 18, 2022, 10:20 a.m.
  • Length: 5:37

All games in this series

Show
View Real Time Build Order
Export as new Build Order

Cognite Protoss 

Build Orders: Phoenix Opening 

Get SALT Encoding   

  12  0:00  Probe  
  13  0:15  Probe  
  13  0:18  Pylon  
  14  0:27  Probe (Chrono Boost)  
  15  0:39  Gateway, Probe (Chrono Boost)  
  16  0:46  Probe (Chrono Boost)  
  16  0:48  Assimilator  
  17  0:53  Probe  
  18  1:05  Probe  
  19  1:17  Probe  
  20  1:26  Cybernetics Core  
  20  1:30  Probe  
  21  1:42  Probe  
  21  1:45  Pylon  
  22  1:50  Assimilator  
  22  1:54  Probe  
  23  2:01  Adept (Chrono Boost)  
  23  2:04  Warp Gate  
  23  2:06  Probe  
  26  2:16  Nexus  
  26  2:19  Probe  
  26  2:30  Sentry (Chrono Boost)  
  26  2:33  Probe  
  29  2:45  Probe, Gateway  
  30  2:57  Phoenix, Probe  
  31  3:11  Pylon  
  31  3:19  Stalker  
  31  3:28  Probe x2  
  33  3:37  Twilight Council  
  33  3:40  Probe x2  
  35  3:41  Gateway  
  35  3:52  Probe x2  
  37  4:02  Stalker x2  
  39  4:04  Probe  
  39  4:07  Shield Battery  
  39  4:08  Shield Battery  
  38  4:14  Shield Battery  
  38  4:15  Pylon  
  38  4:16  Probe  
  33  4:27  Probe  
  33  4:29  Probe  
  33  4:30  Stalker  
  34  4:35  Stalker  
  30  4:49  Stalker  
  30  4:57  Gateway  
  31  5:02  Stalker  
  31  5:04  Sentry  
  34  5:13  Sentry  
  36  5:26  Shield Battery  
  36  5:27  Shield Battery  
  37  5:35  Stalker  
Show
View Real Time Build Order
Export as new Build Order

Ryung Terran - Winner!

Build Orders: Cyclone Opening 

Get SALT Encoding   

  12  0:00  SCV  
  13  0:12  SCV  
  14  0:16  Supply Depot  
  14  0:24  SCV  
  14  0:27  Refinery  
  15  0:38  SCV  
  16  0:43  Barracks  
  16  0:50  SCV  
  17  1:02  SCV  
  18  1:14  SCV  
  18  1:15  Engineering Bay  
  19  1:30  Marine, Orbital Command  
  20  1:37  Factory  
  20  1:50  Supply Depot  
  20  1:53  Barracks Reactor  
  20  1:56  SCV  
  21  2:08  SCV  
  22  2:19  Command Center  
  22  2:20  SCV  
  23  2:23  Factory Tech Lab  
  23  2:29  Marine x2  
  25  2:32  Supply Depot  
  25  2:35  SCV  
  26  2:43  Cyclone  
  29  2:47  SCV  
  30  2:53  Barracks  
  30  2:58  Marine x2  
  32  3:01  SCV  
  33  3:07  Refinery  
  33  3:14  SCV  
  34  3:20  Siege Tank  
  34  3:21  Marine  
  34  3:22  Marine  
  34  3:27  SCV  
  39  3:39  SCV, Marine  
  39  3:40  Marine  
  42  3:41  Barracks Tech Lab  
  42  3:44  Barracks  
  42  3:51  SCV  
  42  3:54  Orbital Command  
  43  4:03  SCV  
  43  4:05  Siege Tank  
  46  4:12  Marine x3  
  49  4:17  SCV  
  49  4:22  SCV  
  50  4:30  SCV, Marine  
  51  4:34  SCV, Barracks Tech Lab  
  51  4:35  Supply Depot  
  52  4:42  SCV  
  49  4:46  SCV  
  49  4:48  Siege Tank  
  49  4:49  Marine x2  
  54  4:56  SCV, Marine  
  54  4:57  Supply Depot  
  54  4:59  Supply Depot, SCV  
  57  5:07  Marine x3  
  57  5:08  SCV  
  57  5:10  Refinery  
  57  5:13  SCV  
  62  5:18  Marine  
  62  5:20  SCV  
  67  5:29  Supply Depot  
Tags
 
Add a new tag
Caveats
  • Supply blocks, unpowered buildings, or Contaminate may cause inaccurate times.
  • Supply counts are checked every 10 seconds.